 Dungeon Crawl Stone Soup version 0.23-a0-625-g1d2cd9b (webtiles) character file.

689 Lavandula the Cutter (level 7, -2/41 HPs)
             Began as a Halfling Enchanter on Dec 23, 2018.
             Slain by a centaur
             ... wielding a cursed +0 shortbow
              (7 damage)
             ... on level 5 of the Dungeon on Dec 24, 2018.
             The game lasted 00:13:15 (2633 turns).

Lavandula the Cutter (Halfling Enchanter)           Turns: 2633, Time: 00:13:15

Health: -2/41      AC:  3    Str:  7 (9)  XL:     7   Next: 95%
Magic:  3/10       EV: 15    Int: 18 (20) God:
Gold:   87         SH:  0    Dex: 13 (15) Spells: 1/10 levels left

rFire    + . .     SeeInvis .   a - +1 dagger
rCold    . . .     Gourm    .   (shield restricted)
rNeg     . . .     Faith    .   b - +0 robe
rPois    +         Spirit   .   (no helmet)
rElec    .         Reflect  .   A - +0 cloak
rCorr    .         Harm     .   (no gloves)
MR       .....                  (no boots)
Stlth    ++........             (no amulet)
HPRegen  0.13/turn              f - ring of protection from fire
MPRegen  0.12/turn              w - ring of poison resistance

@: brilliant, very slightly contaminated
A: small, mutation resistance 1
a: no special abilities


You were on level 5 of the Dungeon.
You were near starving.

You visited 1 branch of the dungeon, and saw 7 of its levels.

You collected 126 gold pieces.
You spent 39 gold pieces at shops.

Inventory:

Hand Weapons
 a - a +1 dagger (weapon)
 e - a +0 short sword of holy wrath
 v - a +0 rapier
Missiles
 p - 37 sling bullets
Armour
 b - a +0 robe (worn)
 A - a +0 cloak (worn)
Jewellery
 f - a ring of protection from fire (left hand)
 w - a ring of poison resistance (right hand)
Wands
 y - a wand of flame (5)
Scrolls
 c - a scroll of immolation
 i - a scroll of magic mapping
 j - a scroll of fear {unknown}
 l - 2 scrolls of fog {unknown}
 m - a scroll of enchant weapon
 o - 2 scrolls of teleportation
 u - a scroll of blinking {unknown}
 x - a scroll of amnesia {unknown}
Potions
 h - 2 potions of degeneration
 k - 2 potions of ambrosia {unknown}
 n - a potion of magic {unknown}
 q - a potion of haste {unknown}
 r - a potion of agility {unknown}
 t - a potion of curing {unknown}
 z - a potion of brilliance
Comestibles
 d - 9 rations


   Skills:
 + Level 7.8 Short Blades
 - Level 2.1 Dodging
 - Level 3.2 Stealth
 - Level 2.0 Spellcasting
 - Level 3.0 Conjurations
 - Level 3.0 Hexes


You had one spell level left.
You knew the following spells:

 Your Spells              Type           Power        Failure   Level  Hunger
a - Corona                Hex            ###....      1%          1    #......
b - Ensorcelled Hibernat  Hex/Ice        ###...       1%          2    ###....
c - Confuse               Hex            ###.....     1%          3    ###....
d - Dazzling Spray        Conj/Hex       ###...       1%          3    ###....

Your spell library contained the following spells:

 Spells                   Type           Power        Failure   Level  Hunger
 Tukima's Dance           Hex            ###.....     1%          3    ###....


Dungeon Overview and Level Annotations

Branches:
Dungeon (7/15)             Temple (0/1) D:5

Altars:
Dithmenos
Ru
Trog
Yredelemnul

Shops:
D:4 *

Annotations:
D:4 1 runed door, Philosophy's ghost, novice GrGl


Innate Abilities, Weirdness & Mutations

You are small and have problems with some larger weapons.
You are somewhat resistant to further mutation.


Message History

You miscast Ensorcelled Hibernation.
You are very lightly contaminated with residual magic.
Nothing appears to happen.
The centaur misses you.
The centaur hits you with a cursed +0 shortbow.
Casting: Ensorcelled Hibernation (safe; 19% risk of failure)
Confirm with . or Enter, or press ? or * to list all spells.
Aiming: Ensorcelled Hibernation (safe; 19% risk of failure)
Press: ? - help, Shift-Dir - straight line, f/p - centaur
Aim: a centaur, wielding a +0 shortbow (chance to defeat MR: 37%)
The centaur easily resists.
The centaur hits you with a cursed +0 shortbow!
* * * LOW HITPOINT WARNING * * *
It was a potion of degeneration.
There was something very wrong with that liquid.
You feel weakened.
You feel dopey.
You feel clumsy. The centaur misses you. The centaur closely misses you.
It was a potion of brilliance.
You feel clever all of a sudden.
The centaur hits you with a cursed +0 shortbow!
You die... ..##. ##### .... ^^Z^^

#. ...## ##^^.## #.#
....## ...^. #.#
##...#.## ^.. ####.#
#.......# #+# #....#
#....#
###.######..####(#
....)...........@#.#
.###.#...........c.#
.# #.#)##...####.###
.# #.#.##.#.# #...
.#
#.#.##.#..........
.#
#.#.##.######.####
.# #.#.##.# #.# ##
#.#.##.# #.#
###.#.##.#


You could see a centaur.

Vanquished Creatures
  Grinder (D:4)
  Menkaure (D:4)
  A water moccasin (D:5)
  An orc priest (D:5)
  2 worker ants (D:4)
  7 gnolls
  6 adders
  3 shadow imps (D:5)
  5 worms
  2 dart slugs
  4 orcs (D:4)
  3 bats
  A giant cockroach (D:1)
  A goblin (D:3)
  A hobgoblin (D:3)
  7 jackals
  2 kobolds
  4 frilled lizards
  A leopard gecko zombie (D:5)
  A rat (D:3)
54 creatures vanquished.

Notes
Turn   | Place    | Note
-------+----------+-------------------------------------------
     0 | D:1      | Lavandula the Halfling Enchanter began the quest for the
                  | Orb.
     0 | D:1      | Reached XP level 1. HP: 11/11 MP: 3/3
    82 | D:4      | Noticed a gnoll shaman
    83 | D:4      | Reached skill level 2 in Short Blades
    83 | D:4      | Reached XP level 2. HP: 17/17 MP: 4/4
   269 | D:1      | Learned a level 2 spell: Ensorcelled Hibernation
   313 | D:1      | Reached skill level 3 in Short Blades
   550 | D:2      | Reached XP level 3. HP: 20/21 MP: 5/5
   824 | D:2      | Reached XP level 4. HP: 15/27 MP: 7/7
  1088 | D:2      | Learned a level 3 spell: Confuse
  1267 | D:3      | Found a bloodstained altar of Trog.
  1347 | D:2      | Reached skill level 4 in Short Blades
  1367 | D:2      | Reached XP level 5. HP: 28/31 MP: 0/8
  1514 | D:4      | Found Guseg's General Store.
  1519 | D:4      | Bought a scroll of teleportation for 39 gold pieces
  1563 | D:4      | Upgraded the game from 0.23-a0-622-g59b4ea9 to
                  | 0.23-a0-625-g1d2cd9b
  1783 | D:3      | Reached skill level 5 in Short Blades
  1828 | D:3      | Found a shadowy altar of Dithmenos.
  1828 | D:3      | Found a sacrificial altar of Ru.
  2026 | D:4      | Reached XP level 6. HP: 32/36 MP: 6/9
  2031 | D:4      | Learned a level 3 spell: Dazzling Spray
  2041 | D:4      | Found a runed door.
  2046 | D:4      | Noticed Philosophy's ghost (novice GrGl)
  2054 | D:4      | Noticed Grinder
  2062 | D:4      | Killed Grinder
  2062 | D:4      | Reached XP level 7. HP: 33/41 MP: 0/10
  2100 | D:4      | Noticed Menkaure
  2177 | D:4      | Killed Menkaure
  2177 | D:4      | Reached skill level 6 in Short Blades
  2190 | D:5      | Entered Level 5 of the Dungeon
  2191 | D:5      | Found a transporter.
  2286 | D:5      | Reached skill level 7 in Short Blades
  2291 | D:5      | Found a transporter.
  2578 | D:5      | Found a basalt altar of Yredelemnul.
  2586 | D:5      | Found a staircase to the Ecumenical Temple.
  2622 | D:5      | Noticed a water moccasin
  2627 | D:5      | Killed a water moccasin
  2633 | D:5      | Slain by a centaur

Vault maps used:
D:1:      psy_arrival_radial01
D:2:      serial_forest, infiniplex_forest_straight_2,
          infiniplex_forest_clump_long, infiniplex_forest_zigzag_2,
          infiniplex_forest_straight_3
D:3:      gammafunk_temple_overflow_pools, bloody_trog
D:4:      serial_shops, kennysheep_little_box, ebering_ghost_sewer_f,
          serial_bayou_pond_b, uniq_menkaure, uniq_grinder
D:5:      gammafunk_wand_slinger, yredelemnul_forgotten_temple_becter,
          fiery_altar_vehumet, minmay_temple_entry_from_below_a, basic_altar,
          first_ration
D:6:      old_standard_altar, grunt_ministairs_2, lemuel_blue_sif_altar,
          uniq_prince_ribbit1, uniq_blork_the_orc, uniq_edmund

Skill      XL: |  1  2  3  4  5  6  7 |
---------------+----------------------+-----
Short Blades   | 2 3 4 5 7 |  7.8
Spellcasting   | 2 |  2.0
Hexes          | 3 |  3.0
Conjurations   | 3 |  3.0
Dodging        | |  2.1
Stealth        | |  3.2

Action                   |  1- 3 |  4- 6 |  7- 9 || total
-------------------------+-------+-------+-------++-------
Melee: Short sword       |     2 |       |     6 ||     8
       Dagger            |    55 |    66 |    30 ||   151
       Rapier            |       |       |     2 ||     2
 Cast: Corona            |     2 |       |       ||     2
       Ensorcelled Hiber |     3 |    28 |     9 ||    40
       Dazzling Spray    |       |     2 |     5 ||     7
       Confuse           |       |       |     2 ||     2
Evoke: Wand              |       |       |    12 ||    12
  Use: Potion            |       |     2 |     2 ||     4
       Scroll            |       |       |     5 ||     5
 Stab: Sleeping          |     6 |    16 |     8 ||    30
       Invisible         |       |     1 |       ||     1
       Confused          |       |       |     1 ||     1
  Eat: Chunk             |       |     7 |     2 ||     9
Armor: Robe              |     2 |     7 |     1 ||    10
Dodge: Dodged            |    37 |    60 |    21 ||   118

Table legend:
 A = Non-vault XP
 B = Vault XP
 C = Vault XP percentage of total XP
 D = Non-vault monster count
 E = Vault monster count
 F = Vault count percentage of total count
                 A         B        C        D         E       F
            +---------+---------+-------+---------+---------+-------
      Total |     469 |     516 |  52.4 |      48 |       6 |  11.1
            +---------+---------+-------+---------+---------+-------
        D:1 |      15 |       0 |   0.0 |       7 |       0 |   0.0
        D:2 |     120 |       0 |   0.0 |      18 |       0 |   0.0
        D:3 |      44 |       0 |   0.0 |       7 |       0 |   0.0
        D:4 |     118 |     441 |  78.9 |      12 |       2 |  14.3
        D:5 |     172 |      75 |  30.4 |       4 |       4 |  50.0
            +---------+---------+-------+---------+---------+-------
